 Dungeon Crawl Stone Soup version 0.25.1-2-g60ff931df9 (webtiles) character file.

Game seed: 15704010620908165466

20738 Elvor the Basher (level 12, -3/115 HPs)
             Began as a Minotaur Fighter on Aug 24, 2020.
             Was the Champion of Okawaru.
             Slain by a troll simulacrum (17 damage)
             ... in an ice cave.
             The game lasted 01:43:42 (10237 turns).

Elvor the Basher (Minotaur Fighter)                Turns: 10237, Time: 01:43:48

Health: -3/115     AC: 19    Str: 32    XL:     12   Next: 48%
Magic:  7/11       EV:  7    Int:  5    God:    Okawaru [******]
Gold:   616        SH: 20    Dex: 13    Spells: 11/11 levels left

rFire    + . .     SeeInvis .   U - +4 morningstar (venom)
rCold    . . .     Gourm    .   b - +0 tower shield of Subjectivity {Dex+3}
rNeg     . . .     Faith    .   L - +0 plate armour
rPois    .         Spirit   .   (helmet restricted)
rElec    .         Reflect  .   v - +0 cloak
rCorr    .         Harm     .   E - +0 pair of gloves
MR       .....                  o - +1 pair of boots
Stlth    ..........             M - amulet of regeneration
HPRegen  0.69/turn              g - +6 ring of strength
MPRegen  0.12/turn              X - ring of protection from fire

@: no status effects
A: retaliatory headbutt, horns 2
a: Heroism, Finesse, Renounce Religion


You were in an ice cave.
You worshipped Okawaru.
Okawaru was exalted by your worship.
You were not hungry.

You visited 3 branches of the dungeon, and saw 13 of its levels.
You also visited: Ice Cave.

You collected 616 gold pieces.

Inventory:

Hand Weapons
 U - a +4 morningstar of venom (weapon)
Missiles
 i - 2 silver javelins (quivered)
 j - 55 poisoned darts
Armour
 b - the +0 tower shield of Subjectivity (worn) {Dex+3}
   (Okawaru gifted it to you on level 1 of the Lair of Beasts)

   It affects your dexterity (+3).
 o - a +1 pair of boots (worn)
 v - a +0 cloak (worn)
 E - a +0 pair of gloves (worn)
 L - a +0 plate armour (worn)
Jewellery
 g - a +6 ring of strength (left hand)
 M - an amulet of regeneration (around neck)
 X - a ring of protection from fire (right hand)
Wands
 c - a wand of polymorph (8)
 d - a wand of paralysis (8)
 S - a wand of digging (9)
Scrolls
 a - a scroll of holy word {unknown}
 e - 4 scrolls of fear
 h - 10 scrolls of remove curse
 m - 2 scrolls of amnesia
 u - 7 scrolls of teleportation
 A - 2 scrolls of enchant armour {unknown}
 C - 3 scrolls of magic mapping
 H - 2 scrolls of enchant weapon {unknown}
 W - a scroll of immolation {unknown}
Potions
 k - 5 potions of curing
 l - a potion of cancellation {unknown}
 n - a potion of lignification {unknown}
 p - 3 potions of flight
 s - 3 potions of might
 x - a potion of berserk rage {unknown}
 z - 2 potions of heal wounds
 F - a potion of brilliance {unknown}
 Q - 2 potions of ambrosia {unknown}
Comestibles
 f - 24 rations


   Skills:
 * Level 13.2 Fighting
 + Level 13.9 Maces & Flails
 + Level 4.9 Throwing
 + Level 9.9 Armour
 + Level 3.0 Dodging
 + Level 0.6 Stealth
 + Level 11.4 Shields
 + Level 0.2 Invocations


You had 11 spell levels left.
You didn't know any spells.
Your spell library contained the following spells:

 Spells                   Type           Power        Failure   Level  Hunger
 Poisonous Vapours        Pois/Air       #.....       100%        2    ###....
 Conjure Flame            Conj/Fire      #.......     100%        3    ####...
 Mephitic Cloud           Conj/Pois/Air  #.......     100%        3    ####...
 Freezing Cloud           Conj/Ice/Air   #.........   100%        6    #######
 Ring of Flames           Chrm/Fire      #.........   100%        7    #######


Dungeon Overview and Level Annotations

Branches:
Dungeon (10/15)            Temple (1/1) D:7            Lair (2/6) D:8
 Shoals (0/4) Lair:2          Orc (0/2) D:10          IceCv (1/1)
  Snake: Lair:2-4    Spider: Lair:2-4

Altars:
Ashenzari
Cheibriados
Dithmenos
Elyvilon
Fedhas
Gozag
Hepliaklqana
Kikubaaqudgha
Makhleb
Nemelex Xobeh
Okawaru
Qazlal
Ru
Sif Muna
Trog
Uskayaw
Vehumet
Wu Jian
Xom
Yredelemnul
Zin
The Shining One

Shops:
D:6 [

Portals:
Trove: D:10 (give horn of Geryon)


Innate Abilities, Weirdness & Mutations

You reflexively headbutt those who attack you in melee.
You have a pair of horns on your head.


Message History

The white imp gestures at you.
The puff of frost hits you but does no damage.
Your shield and plate armour prevent you from hitting the troll simulacrum.
You headbutt the troll simulacrum.
The troll simulacrum is lightly damaged.
You block the white imp's attack.
You block the troll simulacrum's attack. x2
The troll simulacrum claws you! The troll simulacrum freezes you!
You puncture the troll simulacrum!
The troll simulacrum is almost destroyed.
The white imp hits you but does no damage.
You block the white imp's attack.
You hit the troll simulacrum.
The troll simulacrum is almost destroyed.
The troll simulacrum bites you! The troll simulacrum freezes you!!
* * * LOW HITPOINT WARNING * * *
The troll simulacrum claws you!
* * * LOW HITPOINT WARNING * * *
The troll simulacrum freezes you!
You die...

##....## #..##
....... #....##
#...# .._.... #..###
##... ....... #...##
##.. .......
##...### ###
.......## ###...###
..8.ZZ## ###...###
#.5Z5##### ##....###
###@..##.## ###....#
#....##...## ###...
#..###..#..########.
##.....###.....###..
##...## ##........#
########.........#
#.(.........#
#.(.........#
####.......##


You could see 2 white imps, a spriggan simulacrum, a troll simulacrum and a
draconian simulacrum.

Vanquished Creatures
  Harold (D:7)
  3 two-headed ogres
  Pikel (D:5)
  The ghost of lasso the Conjurer, a novice NaCj of Okawaru (D:6)
  An oklob plant (D:2)
  An ugly thing (D:7)
  Joseph (D:10)
  2 black mambas
  A gargoyle (D:10)
  3 rime drakes (Lair:2)
  10 freezing wraiths (IceCv)
  A troll (D:10)
  7 hippogriffs
  Sigmund (D:2)
  10 yaks
  A human (D:7)
  4 hogs (D:7)
  Menkaure (D:5)
  4 water moccasins
  6 porcupines
  Duvessa (D:7)
  5 sky beasts
  A slave (D:5)
  4 black bears
  An alligator simulacrum (IceCv)
  4 orc warriors
  7 ice beasts
  8 ogres
  A phantom (D:8)
  6 wolves (Lair:1)
  4 centaurs
  3 crocodiles
  3 big kobolds
  7 bullfrogs
  2 gnoll sergeants
  Dowan (D:7)
  4 scorpions
  2 killer bees
  7 wights
  2 howler monkeys
  7 crimson imps
  A quasit (D:8)
  5 draconian simulacra (IceCv)
  7 orc wizards
  A bullfrog zombie (D:8)
  A jelly (D:8)
  A centaur zombie (D:5)
  2 bullfrog skeletons
  An orc priest (D:8)
  Crazy Yiuf (D:5)
  6 hounds
  Terence (D:2)
  An iguana (D:10)
  7 worker ants
  2 polar bear simulacra (IceCv)
  A wolf simulacrum (IceCv)
  A worker ant zombie (D:7)
  14 gnolls
  A naga simulacrum (IceCv)
  13 adders
  7 river rats (D:6)
  3 shadow imps
  10 white imps (IceCv)
  An ooze (D:1)
  3 adder skeletons
  3 worms
  A dart slug (D:1)
  10 leopard geckos
  32 orcs
  6 giant cockroaches
  17 goblins
  15 hobgoblins
  8 jackals
  19 kobolds
  11 quokkas
  2 ball pythons
  9 bats
  7 frilled lizards
  A jackal skeleton (D:9)
  A jackal zombie (D:5)
  A quokka zombie (D:7)
  20 rats
  3 fungi (D:2)
  10 plants
407 creatures vanquished.

Vanquished Creatures (others)
  A bullfrog zombie (D:5)
  An orc (D:5)
  A hobgoblin (D:5)
  A kobold (D:5)
  A frilled lizard (D:5)
  A fungus (D:8)
  A plant (D:8)
7 creatures vanquished.

Grand Total: 414 creatures vanquished

Notes
Turn   | Place    | Note
-------+----------+-------------------------------------------
     0 | D:1      | Elvor the Minotaur Fighter began the quest for the Orb.
     0 | D:1      | Reached XP level 1. HP: 19/19 MP: 0/0
   188 | D:1      | Reached XP level 2. HP: 21/27 MP: 1/1
   301 | D:1      | Found a sparkling altar of Nemelex Xobeh.
   430 | D:1      | Reached XP level 3. HP: 26/33 MP: 2/2
   947 | D:2      | Found a blossoming altar of Fedhas.
   961 | D:2      | Noticed an oklob plant
  1255 | D:2      | Reached XP level 4. HP: 35/41 MP: 3/3
  1541 | D:2      | Found a hazy altar of Hepliaklqana.
  1565 | D:2      | Noticed Terence
  1581 | D:2      | Killed Terence
  1611 | D:2      | Noticed Sigmund
  1629 | D:2      | Killed Sigmund
  1629 | D:2      | Reached skill level 5 in Fighting
  1629 | D:2      | Reached skill level 1 in Dodging
  1629 | D:2      | Reached XP level 5. HP: 19/48 MP: 4/4
  1629 | D:2      | Reached XP level 6. HP: 22/56 MP: 5/5
  1969 | D:2      | Killed an oklob plant
  1969 | D:2      | Reached skill level 5 in Maces & Flails
  1969 | D:2      | Reached skill level 1 in Throwing
  1969 | D:2      | Reached skill level 5 in Armour
  1969 | D:2      | Reached skill level 5 in Shields
  1969 | D:2      | Reached XP level 7. HP: 37/62 MP: 6/6
  2089 | D:3      | Found a blossoming altar of Fedhas.
  2295 | D:3      | Found an iron altar of Okawaru.
  2303 | D:3      | Became a worshipper of Warmaster Okawaru
  2422 | D:3      | Found a hide-covered altar of Uskayaw.
  2422 | D:3      | Found a shattered altar of Ashenzari.
  3305 | D:4      | Found a shimmering altar of Xom.
  3305 | D:4      | Found a burning altar of Makhleb.
  3310 | D:4      | Found an ancient bone altar of Kikubaaqudgha.
  3314 | D:4      | Found an ornate altar of the Wu Jian Council.
  3315 | D:4      | Found a snail-covered altar of Cheibriados.
  3497 | D:5      | Entered Level 5 of the Dungeon
  3497 | D:5      | Found a basalt altar of Yredelemnul.
  3602 | D:5      | Noticed Pikel
  3621 | D:5      | Killed Pikel
  3621 | D:5      | Reached XP level 8. HP: 73/73 MP: 7/7
  3850 | D:5      | Noticed Menkaure
  3858 | D:5      | Killed Menkaure
  3858 | D:5      | Reached * piety under Okawaru
  4223 | D:5      | Found a basalt altar of Yredelemnul.
  4225 | D:5      | Noticed a profane servitor
  4243 | D:5      | Found a runed translucent door.
  4244 | D:5      | Noticed Crazy Yiuf
  4248 | D:5      | Killed Crazy Yiuf
  4272 | D:5      | Found a glowing golden altar of the Shining One.
  4274 | D:5      | Noticed an angel
  4333 | D:5      | Found a burning altar of Makhleb.
  4396 | D:6      | Found a runed translucent door.
  4396 | D:6      | Noticed lasso's ghost (novice NaCj)
  4524 | D:6      | Reached XP level 9. HP: 41/81 MP: 8/8
  4563 | D:6      | Noticed a two-headed ogre
  4579 | D:6      | Killed a two-headed ogre
  4579 | D:6      | Reached ** piety under Okawaru
  4833 | D:6      | Found Zedaugro's Antique Armour Shop.
  4855 | D:6      | Found an opulent altar of Gozag.
  5143 | D:6      | Killed lasso's ghost
  5143 | D:6      | Reached *** piety under Okawaru
  5143 | D:6      | Reached skill level 10 in Maces & Flails
  5180 | D:7      | Noticed Duvessa
  5180 | D:7      | Noticed Dowan
  5199 | D:7      | Killed Dowan
  5201 | D:7      | Killed Duvessa
  5201 | D:7      | Reached XP level 10. HP: 77/91 MP: 9/9
  5404 | D:7      | Got a dazzling trident
  5417 | D:7      | Received a gift from Okawaru
  5426 | D:7      | Identified the +6 trident of Peroimeo {vorpal, SInv} (You
                  | found it on level 7 of the Dungeon)
  5463 | D:7      | Noticed Harold
  5477 | D:7      | Killed Harold
  5477 | D:7      | Reached **** piety under Okawaru
  5477 | D:7      | Reached skill level 10 in Fighting
  5557 | D:7      | Found a staircase to the Ecumenical Temple.
  5563 | Temple   | Entered the Ecumenical Temple
  5693 | D:7      | Got an opalescent robe
  5704 | D:7      | Identified the +2 robe of Grace {rPois} (You found it on
                  | level 7 of the Dungeon)
  5990 | D:7      | Noticed a purple ugly thing
  6005 | D:7      | Killed a purple ugly thing
  6119 | D:7      | Reached ***** piety under Okawaru
  6344 | D:8      | Reached XP level 11. HP: 89/101 MP: 10/10
  6362 | D:8      | Found a staircase to the Lair.
  6656 | D:8      | Noticed a two-headed ogre
  6664 | D:8      | Killed a two-headed ogre
  7013 | D:8      | Found a white marble altar of Elyvilon.
  7442 | D:9      | Reached skill level 10 in Shields
  8092 | D:9      | Noticed a two-headed ogre
  8096 | D:9      | Killed a two-headed ogre
  8228 | D:10     | Entered Level 10 of the Dungeon
  8275 | D:10     | Found a staircase to the Orcish Mines.
  8540 | D:10     | Noticed Joseph
  8561 | D:10     | Killed Joseph
  8668 | D:10     | Reached ****** piety under Okawaru
  8775 | D:10     | Found a portal to a secret trove of treasure.
  8919 | Lair:1   | Entered Level 1 of the Lair of Beasts
  9312 | Lair:1   | Received a gift from Okawaru
  9319 | Lair:1   | Reached XP level 12. HP: 112/113 MP: 11/11
  9325 | Lair:1   | Got a brightly glowing tower shield {god gift}
  9376 | Lair:1   | Identified the +0 tower shield of Subjectivity {Dex+3}
                  | (Okawaru gifted it to you on level 1 of the Lair of Beasts)
  9841 | Lair:2   | Found a frozen archway.
  9864 | IceCv    | Entered an ice cave
 10198 | IceCv    | Found an ancient bone altar of Kikubaaqudgha.
 10237 | IceCv    | Slain by a troll simulacrum

Illustrated notes

Levels and vault maps discovered:
D:1:      mrwooster_arrival_statue_3, layout_loops_corners,
          nemelex_diamond_rough_becter
D:2:      layout_basic, old_standard_altar, tgw_fedhas, uniq_sigmund,
          uniq_terence
D:3:      layout_loops_ring, lemuel_round_altar,
          gammafunk_temple_overflow_elements, grunt_decor_fettered,
          okawaru_altar_gauntlet_db
D:4:      layout_loops_ring, chequers_temple_overflow_minitemple, first_ration
D:5:      corexii_shantytown, layout_rooms, grunt_temple_overflow_holy_war,
          basic_altar, solitary_fountain, mrwooster_statue_mirror, st_stairs_9,
          makhleb_heckhound_becter, uniq_pikel, uniq_crazy_yiuf_cottage,
          uniq_menkaure
D:6:      lemuel_ratsnest, layout_rooms,
          nicolae_gozag_cash_rules_everything_around_me,
          hellmonk_ghost_happy_afterlife, serial_shops, kennysheep_little_box,
          minmay_misc_feat_doors
D:7:      kennysheep_windowed_halls, layout_loops_ring,
          minmay_temple_entry_fiery, grunt_livestock, uniq_harold, uniq_duvessa
D:8:      layout_cave_pods, marbit_many_paths, grunt_lair_entry_orc_guard_hut
D:9:      kennysheep_blocky_hall, layout_basic
D:10:     layout_layer_cave, orc_0_dummy, nicolae_trove_entry_crystal,
          uniq_joseph
Temple:   dpeg_three_leaves_temple
Lair:1:   layout_regular_city, serial_bayou_shore_a, grunt_megastairs_2
Lair:2:   layout_regular_city, minmay_shoals_entry_centaurs,
          portal_ice_cave_rime, minmay_lair_oklob_chamber
IceCv:    ice_cave_small_necro

Skill      XL: |  1  2  3  4  5  6  7  8  9 10 11 12 |
---------------+-------------------------------------+-----
Fighting       | 4 5 7 9 10 12 13 | 13.2
Armour         | 4 5 6 7 8 9 |  9.9
Shields        | 4 5 6 8 9 10 11 | 11.4
Maces & Flails | 3 4 5 7 8 10 11 13 | 13.9
Dodging        | 1 2 3 |  3.0
Throwing       | 1 2 3 4 |  4.9
Stealth        | |  0.6
Invocations    | |  0.2

Action                   |  1- 3 |  4- 6 |  7- 9 | 10-12 || total
-------------------------+-------+-------+-------+-------++-------
Melee: Flail             |   137 |   136 |   367 |       ||   640
       Headbutt          |    23 |    37 |    73 |   132 ||   265
       Morningstar       |       |       |    79 |   566 ||   645
Throw: Dart              |       |    14 |    25 |    41 ||    80
       Javelin           |       |       |       |    10 ||    10
Invok: Heroism           |       |       |     2 |     2 ||     4
       Finesse           |       |       |       |     1 ||     1
Evoke: Wand              |       |       |       |     2 ||     2
  Use: Potion            |       |     1 |       |       ||     1
       Scroll            |       |       |     2 |    12 ||    14
  Eat: Chunk             |     1 |       |    11 |    13 ||    25
       Ration            |       |     1 |       |     1 ||     2
Armor: Scale mail        |    50 |    18 |    23 |       ||    91
       Chain mail        |       |       |   120 |       ||   120
       Plate armour      |       |       |     8 |   229 ||   237
Dodge: Dodged            |    24 |    13 |    83 |    97 ||   217
Block: Kite shield       |    43 |    29 |   205 |   263 ||   540
       Tower shield      |       |       |       |   174 ||   174
